Map: Schneeverwehte Kolonie

Players

Luis

  • Race: Protoss Protoss
  • Spawn Location: 7:00

lllllllllll

  • Race: Zerg Zerg
  • Spawn Location: 7:00

WaYofWaR

  • Race: Terran Terran
  • League: Master
  • Spawn Location: 6:00

Jovie - Winner!

  • Race: Protoss Protoss
  • League: Master
  • Spawn Location: 12:00

PaCTom - Winner!

  • Race: Terran Terran
  • Spawn Location: 1:00

Tassadary - Winner!

  • Race: Protoss Protoss
  • League: Grandmaster
  • Spawn Location: 1:00

VOD

Have the link to the VOD?

Description

Time

  • Played on: Feb. 8, 2018, 8:51 a.m.
  • Length: 11:50
Show
View Real Time Build Order
Export as new Build Order

Luis Protoss 

Build Orders:  

Get SALT Encoding   

  12  0:59  Probe  
  12  1:03  Pylon  
  13  1:05  Assimilator  
  13  1:10  Assimilator  
  13  1:11  Probe (Chrono Boost)  
  14  1:22  Probe (Chrono Boost)  
  15  1:25  Gateway  
  15  1:27  Probe (Chrono Boost)  
  16  1:37  Probe  
  17  1:48  Nexus  
  17  1:49  Probe (Chrono Boost)  
  18  2:00  Probe (Chrono Boost)  
  19  2:05  Probe (Chrono Boost)  
  20  2:26  Cybernetics Core  
  20  2:29  Probe (Chrono Boost)  
  21  2:30  Pylon  
  21  2:40  Probe (Chrono Boost)  
  22  2:45  Probe (Chrono Boost)  
  23  2:55  Probe  
  24  3:02  Probe  
  25  3:08  Probe  
  25  3:10  Stalker  
  28  3:14  Probe  
  28  3:19  Stargate  
  29  3:20  Probe  
  29  3:26  Probe  
  30  3:38  Probe  
  30  3:49  Probe (Chrono Boost)  
  30  3:55  Probe (Chrono Boost)  
  32  4:00  Probe (Chrono Boost), Oracle (Chrono Boost)  
  37  4:03  Probe (Chrono Boost)  
  37  4:06  Probe (Chrono Boost)  
  37  4:08  Probe (Chrono Boost)  
  38  4:15  Probe  
  40  4:19  Pylon, Probe  
  41  4:25  Assimilator x2  
  41  4:27  Probe  
  41  4:29  Oracle  
  45  4:31  Probe  
  46  4:43  Probe  
  47  4:56  Probe  
  45  5:15  Probe  
  46  5:27  Probe, Forge  
  47  5:33  Stargate  
  47  5:36  Stargate  
  47  5:38  Pylon  
  47  5:39  Probe  
  47  5:40  Pylon  
  48  5:51  Probe  
  49  6:03  Probe  
  50  6:10  Void Ray  
  51  6:17  Photon Cannon  
  51  6:19  Pylon  
  51  6:22  Void Ray x2  
  59  6:26  Probe (Chrono Boost)  
  60  6:33  Photon Cannon  
  60  6:36  Probe (Chrono Boost)  
  61  6:40  Photon Cannon  
  61  6:41  Probe (Chrono Boost)  
  62  6:47  Protoss Air Weapons Level 1 (Chrono Boost)  
  62  6:48  Fleet Beacon  
  62  6:50  Pylon  
  62  6:52  Pylon, Probe  
  63  7:00  Cybernetics Core  
  63  7:04  Probe  
  63  7:06  Photon Cannon  
  64  7:20  Probe  
  65  7:25  Pylon  
  65  7:29  Pylon  
  65  7:31  Pylon, Carrier x3 (Chrono Boost)  
  65  7:32  Probe  
  84  7:44  Probe  
  84  7:45  Graviton Catapult  
  85  7:56  Probe  
  86  8:02  Nexus  
  86  8:04  Assimilator  
  86  8:08  Pylon  
  86  8:09  Probe  
  87  8:13  Assimilator  
  87  8:47  Carrier x3 (Chrono Boost)  
  100  10:21  Carrier x2  
  100  10:22  Carrier  
  118  10:42  Photon Cannon  
  118  10:45  Photon Cannon  
Show
View Real Time Build Order
Export as new Build Order

lllllllllll Zerg 

Build Orders: Hatch First 

Get SALT Encoding   

  12  0:21  Overlord, Drone x2  
  14  0:42  Drone  
  15  0:51  Drone  
  16  0:59  Drone  
  16  1:01  Extractor  
  16  1:05  Hatchery  
  15  1:15  Spawning Pool  
  14  1:19  Drone  
  14  1:23  Drone  
  16  1:28  Drone  
  17  1:38  Drone  
  18  1:48  Drone  
  19  1:58  Overlord  
  19  2:21  Queen  
  19  2:22  Queen  
  23  2:23  Metabolic Boost  
  23  2:26  Drone  
  23  2:27  Drone x2  
  26  2:30  Zergling x2  
  27  2:43  Zergling x6  
  30  2:52  Drone x2  
  31  3:08  Zergling x4  
  31  3:11  Overlord  
  33  3:44  Drone  
  33  3:45  Drone x10  
  44  3:50  Lair  
  44  3:52  Extractor  
  43  4:02  Zergling x2  
  42  4:03  Zergling x2  
  43  4:11  Hatchery  
  43  4:12  Overlord  
  43  4:16  Overlord  
  42  4:30  Queen  
  39  4:48  Extractor  
  39  4:50  Extractor  
  37  4:53  Drone x2  
  37  4:54  Spire, Drone  
  37  4:55  Drone x3  
  37  4:56  Drone x3  
  37  4:57  Drone x2  
  37  4:59  Drone x2  
  49  5:21  Spore Crawler  
  49  5:23  Spore Crawler  
  49  5:25  Spore Crawler x2  
  49  5:27  Hydralisk Den  
  45  5:29  Drone x2  
  45  5:30  Spire, Drone x3  
  45  5:33  Drone x2  
  45  5:34  Drone x2  
  53  5:36  Spore Crawler  
  53  5:37  Spore Crawler  
  51  5:53  Infestation Pit  
  50  6:13  Drone  
  50  6:14  Drone x12  
  50  6:15  Drone x2  
  50  6:17  Extractor  
  64  6:42  Overlord  
  64  6:43  Overlord x4  
  64  6:48  Zerg Flyer Armor Level 1  
  64  7:02  Corruptor  
  64  7:03  Corruptor x7  
  80  7:12  Zergling x2  
  80  7:14  Zergling x2, Hatchery  
  81  7:18  Drone x3  
  81  7:19  Extractor  
  83  7:37  Corruptor x2  
  83  7:38  Corruptor x4  
  95  7:59  Overlord x3  
  95  8:03  Hive  
  93  8:35  Zergling x2  
  93  8:36  Zergling x34  
  93  8:37  Zergling x6  
  114  8:50  Queen  
  99  9:16  Corruptor  
  93  9:17  Corruptor x12  
  119  9:33  Zergling x2  
  119  9:35  Overlord x4  
  119  9:36  Overlord x2  
  118  9:50  Greater Spire  
  114  10:31  Spire  
  113  10:37  Overlord x3  
  113  10:38  Overlord x2  
  113  10:42  Spore Crawler x2  
  111  10:43  Drone  
  111  10:44  Extractor, Drone x2  
  109  11:08  Brood Lord  
Show
View Real Time Build Order
Export as new Build Order

WaYofWaR Terran 

Build Orders: Cyclone Opening, Mech 

Get SALT Encoding   

  12  0:01  SCV  
  13  0:14  SCV  
  14  0:19  Supply Depot  
  14  0:26  SCV  
  15  0:38  Refinery  
  15  0:41  SCV  
  16  0:49  Barracks  
  16  0:53  SCV  
  17  1:05  SCV  
  18  1:17  SCV  
  19  1:29  SCV  
  20  1:38  Factory  
  20  1:40  Marine  
  20  1:41  Orbital Command  
  21  1:58  Barracks Reactor  
  21  2:07  SCV  
  22  2:24  SCV  
  22  2:25  Command Center  
  22  2:26  Refinery  
  22  2:29  Supply Depot  
  23  2:50  SCV  
  28  2:53  Cyclone  
  27  3:02  Cyclone  
  27  3:03  SCV  
  31  3:05  Supply Depot  
  31  3:22  Factory  
  31  3:30  Barracks Tech Lab  
  31  3:34  SCV  
  32  3:36  Supply Depot  
  32  3:43  Orbital Command  
  32  3:46  Hellion x2  
  36  3:53  SCV  
  37  4:07  Orbital Command  
  37  4:11  Supply Depot  
  37  4:19  Cyclone, Siege Tank  
  43  4:29  Refinery  
  43  4:31  Refinery  
  43  4:39  SCV x2  
  45  4:51  SCV x2, Siege Tank  
  50  5:03  SCV x2  
  52  5:07  Command Center  
  52  5:15  SCV x2  
  52  5:19  Engineering Bay, Widow Mine x2  
  58  5:27  SCV  
  58  5:28  SCV  
  60  5:38  Armory  
  60  5:39  SCV  
  60  5:40  SCV  
  60  5:41  Factory, Barracks Tech Lab  
  62  5:47  Widow Mine  
  62  5:48  Widow Mine  
  62  5:49  Missile Turret  
  66  5:53  Missile Turret  
  66  5:54  SCV  
  67  5:57  Missile Turret  
  67  6:01  SCV  
  68  6:06  Supply Depot  
  68  6:08  SCV  
  69  6:22  Orbital Command, Missile Turret  
  69  6:24  SCV  
  69  6:25  SCV  
  71  6:30  Thor  
  77  6:37  SCV  
  78  6:41  Thor  
  78  6:44  SCV  
  85  6:48  Missile Turret  
  85  6:50  SCV x2  
  87  7:00  SCV, Hellion x2  
  92  7:01  Infernal Pre-Igniter  
  92  7:05  Supply Depot  
  92  7:07  Terran Vehicle Weapons Level 1  
  92  7:11  Armory  
  92  7:12  SCV  
  93  7:24  Supply Depot  
  93  7:26  SCV x2  
  95  7:33  SCV  
  95  7:35  Siege Tank  
  95  7:36  Hellbat  
  101  7:39  Starport  
  101  7:45  Supply Depot  
  101  7:46  SCV x3, Siege Tank, Hellbat  
  101  7:47  Supply Depot  
  109  7:55  Supply Depot  
  109  8:05  Terran Vehicle And Ship Armor Level 1  
  109  8:07  SCV x3  
  110  8:22  Refinery x2  
  66  8:47  Siege Tank x2  
  66  8:48  Hellbat x2  
  73  8:55  Starport Reactor, Orbital Command  
  71  8:57  Factory  
  71  9:09  Hellbat  
  73  9:19  Siege Tank x2  
  73  9:20  Terran Vehicle Weapons Level 2  
  73  9:22  Hellbat  
  71  9:40  Hellbat  
  71  9:42  Liberator  
  71  9:43  Liberator, Hellbat  
  71  9:44  Factory  
  75  9:46  Factory Tech Lab  
  75  9:50  Refinery  
  75  9:51  Refinery, Siege Tank x2, SCV  
  75  9:52  SCV  
  83  10:01  SCV  
  83  10:04  SCV  
  79  10:16  Siege Tank  
  79  10:17  Hellbat x2  
  86  10:23  SCV  
  86  10:24  Hellbat  
  89  10:30  Command Center  
  89  10:33  Command Center  
  89  10:37  Command Center  
  89  10:38  Hellion  
  91  10:42  Viking  
  91  10:43  Viking  
  91  10:44  Factory Tech Lab  
  91  10:45  Widow Mine  
  95  11:10  Siege Tank x2, Hellbat  
  95  11:11  Hellbat x3  
Show
View Real Time Build Order
Export as new Build Order

Jovie Protoss - Winner!

Build Orders: Nexus First, Phoenix Opening 

Get SALT Encoding   

  12  0:00  Probe  
  13  0:12  Probe  
  14  0:18  Pylon  
  14  0:25  Probe (Chrono Boost)  
  15  0:37  Probe (Chrono Boost)  
  16  0:45  Probe (Chrono Boost)  
  17  0:51  Probe  
  18  1:02  Nexus  
  18  1:06  Assimilator  
  18  1:11  Assimilator  
  18  1:18  Probe (Chrono Boost)  
  19  1:24  Gateway  
  19  1:30  Probe (Chrono Boost)  
  20  1:38  Probe (Chrono Boost)  
  21  1:44  Pylon, Probe  
  22  1:56  Probe (Chrono Boost)  
  24  2:09  Probe (Chrono Boost)  
  24  2:11  Cybernetics Core  
  26  2:15  Probe (Chrono Boost)  
  26  2:17  Probe (Chrono Boost)  
  27  2:23  Probe (Chrono Boost)  
  27  2:25  Probe (Chrono Boost)  
  27  2:28  Probe (Chrono Boost)  
  28  2:35  Probe  
  30  2:40  Probe  
  31  2:47  Probe  
  31  2:51  Stargate  
  32  2:52  Probe (Chrono Boost), Stargate  
  33  2:59  Probe (Chrono Boost)  
  35  3:10  Probe x2 (Chrono Boost)  
  36  3:16  Nexus  
  36  3:18  Probe (Chrono Boost)  
  36  3:19  Probe (Chrono Boost)  
  38  3:24  Probe (Chrono Boost)  
  38  3:26  Pylon  
  40  3:27  Probe (Chrono Boost)  
  40  3:30  Probe  
  41  3:34  Phoenix  
  41  3:36  Phoenix  
  41  3:37  Probe  
  46  3:41  Pylon  
  46  3:43  Assimilator  
  46  3:44  Probe  
  46  3:45  Assimilator  
  47  3:50  Probe  
  48  3:56  Probe  
  48  4:01  Phoenix  
  48  4:02  Probe (Chrono Boost), Phoenix  
  55  4:12  Pylon, Probe (Chrono Boost)  
  55  4:14  Pylon, Probe (Chrono Boost)  
  56  4:19  Pylon  
  56  4:21  Probe (Chrono Boost)  
  56  4:23  Probe (Chrono Boost)  
  58  4:27  Probe (Chrono Boost)  
  58  4:30  Phoenix x2  
  64  4:31  Probe (Chrono Boost)  
  64  4:32  Probe (Chrono Boost)  
  66  4:41  Probe (Chrono Boost)  
  66  4:42  Probe (Chrono Boost)  
  66  4:43  Pylon  
  66  4:44  Probe (Chrono Boost)  
  68  4:47  Probe x2 (Chrono Boost)  
  70  4:53  Probe  
  70  4:54  Phoenix  
  70  4:55  Phoenix  
  77  5:00  Probe (Chrono Boost)  
  77  5:01  Probe (Chrono Boost)  
  77  5:05  Probe (Chrono Boost)  
  74  5:09  Pylon  
  76  5:16  Probe x2 (Chrono Boost)  
  76  5:17  Probe (Chrono Boost)  
  76  5:19  Phoenix  
  76  5:20  Pylon, Phoenix  
  81  5:23  Assimilator  
  81  5:24  Probe (Chrono Boost)  
  81  5:25  Probe (Chrono Boost)  
  84  5:28  Probe (Chrono Boost)  
  84  5:29  Pylon  
  84  5:32  Probe (Chrono Boost), Assimilator  
  87  5:36  Probe (Chrono Boost)  
  87  5:37  Probe (Chrono Boost)  
  87  5:39  Protoss Air Armor Level 1 (Chrono Boost)  
  88  5:43  Probe x2 (Chrono Boost)  
  88  5:46  Probe (Chrono Boost), Nexus  
  90  5:50  Probe  
  90  5:51  Pylon  
  90  5:55  Phoenix x2  
  95  6:11  Cybernetics Core  
  95  6:12  Forge  
  95  6:15  Probe x2 (Chrono Boost)  
  98  6:18  Pylon  
  98  6:19  Pylon  
  98  6:20  Probe (Chrono Boost), Phoenix x2  
  104  6:26  Probe x2 (Chrono Boost), Stargate  
  104  6:30  Probe (Chrono Boost)  
  106  6:32  Assimilator  
  106  6:34  Protoss Shields Level 1 (Chrono Boost)  
  106  6:35  Probe x2 (Chrono Boost)  
  106  6:37  Assimilator  
  106  6:38  Fleet Beacon, Probe (Chrono Boost)  
  108  6:43  Probe x3 (Chrono Boost)  
  111  6:51  Protoss Air Weapons Level 1 (Chrono Boost)  
  111  6:53  Twilight Council, Probe x2  
  113  7:02  Nexus  
  113  7:08  Phoenix x2  
  117  7:09  Phoenix  
  117  7:13  Stargate  
  117  7:14  Stargate  
  119  7:19  Stargate  
  119  7:20  Probe  
  120  7:23  Probe x2  
  120  7:28  Pylon  
  122  7:31  Pylon  
  122  7:32  Photon Cannon  
  122  7:33  Phoenix x2  
  122  7:34  Photon Cannon  
  126  7:42  Anion Pulse-Crystals  
  126  7:45  Protoss Air Armor Level 2 (Chrono Boost)  
  126  7:56  Phoenix  
  126  7:57  Phoenix  
  126  7:58  Phoenix  
  132  8:01  Photon Cannon x2  
  132  8:02  Phoenix  
  134  8:05  Phoenix, Photon Cannon  
  134  8:06  Photon Cannon  
  134  8:10  Probe x4  
  134  8:11  Phoenix  
  142  8:16  Probe  
  143  8:21  Phoenix  
  143  8:25  Protoss Air Weapons Level 2 (Chrono Boost), Phoenix x2  
  149  8:34  Assimilator  
  149  8:35  Pylon, Assimilator  
  149  8:36  Pylon  
  149  8:37  Phoenix  
  151  8:46  Phoenix x2  
  155  8:51  Protoss Shields Level 2 (Chrono Boost)  
  155  8:53  Phoenix  
  157  8:58  Photon Cannon  
  157  8:59  Photon Cannon  
  157  9:00  Photon Cannon  
  157  9:01  Photon Cannon  
  157  9:02  Photon Cannon  
  157  9:04  Pylon x2  
  157  9:05  Photon Cannon  
  157  9:06  Pylon  
  157  9:11  Phoenix x2  
  157  9:14  Phoenix  
  163  9:21  Photon Cannon  
  163  9:22  Photon Cannon  
  163  9:23  Photon Cannon  
  163  9:25  Pylon  
  163  9:28  Phoenix x2  
  163  9:29  Phoenix  
  169  9:36  Phoenix  
  171  9:41  Protoss Air Armor Level 3 (Chrono Boost)  
  171  9:48  Phoenix x2  
  175  9:53  Phoenix  
  175  9:55  Phoenix  
  175  9:58  Phoenix  
  181  10:05  Phoenix  
  183  10:11  Pylon  
  183  10:12  Photon Cannon  
  183  10:13  Phoenix, Photon Cannon  
  185  10:16  Photon Cannon  
  185  10:18  Photon Cannon  
  185  10:20  Phoenix  
  187  10:22  Phoenix  
  187  10:23  Photon Cannon  
  187  10:24  Photon Cannon  
  187  10:26  Phoenix  
  191  10:29  Phoenix  
  191  10:33  Phoenix  
  195  10:39  Phoenix  
  197  10:45  Phoenix  
  197  10:49  Stargate  
  199  11:02  Phoenix x2  
  197  11:11  Phoenix  
  199  11:21  Nexus  
  199  11:24  Nexus  
  199  11:43  Stargate  
  199  11:49  Stargate x2  
Show
View Real Time Build Order
Export as new Build Order

PaCTom Terran - Winner!

Build Orders: Hellion Opening, Mech 

Get SALT Encoding   

  12  0:00  SCV  
  13  0:13  SCV  
  14  0:18  Supply Depot  
  14  0:25  SCV  
  15  0:30  Refinery  
  15  0:39  SCV  
  16  0:46  Barracks  
  16  0:51  SCV  
  17  1:03  SCV  
  18  1:16  SCV  
  19  1:27  Refinery  
  19  1:33  Orbital Command  
  19  1:35  Factory  
  19  1:41  Supply Depot  
  19  1:52  Barracks Reactor  
  19  1:59  SCV  
  20  2:11  SCV  
  21  2:19  Factory  
  21  2:23  SCV  
  22  2:32  Hellion x2  
  22  2:35  SCV  
  27  2:41  Supply Depot  
  27  2:48  Barracks Tech Lab  
  27  2:53  SCV, Hellion  
  30  3:03  Hellion  
  32  3:16  Command Center  
  32  3:19  Siege Tank  
  35  3:25  Supply Depot  
  35  3:27  SCV  
  36  3:39  SCV  
  37  3:48  Supply Depot  
  37  3:51  Siege Tank  
  37  3:54  Hellion x2  
  44  4:05  SCV  
  45  4:17  SCV, Hellion  
  47  4:20  Hellion  
  53  4:30  Engineering Bay  
  53  4:32  Orbital Command  
  53  4:33  Siege Tank  
  53  4:38  SCV  
  54  4:50  SCV  
  55  4:58  SCV  
  56  5:05  Command Center  
  56  5:08  SCV  
  56  5:10  SCV  
  56  5:13  Missile Turret  
  58  5:14  Siege Tank  
  58  5:21  SCV  
  62  5:24  SCV  
  63  5:33  SCV  
  64  5:36  SCV  
  64  5:37  Armory  
  64  5:39  Refinery x2  
  64  5:40  Armory  
  65  5:45  SCV  
  65  5:46  Supply Depot x2  
  65  5:48  SCV  
  67  5:51  Siege Tank  
  70  6:03  Supply Depot  
  70  6:07  SCV x2  
  72  6:16  Orbital Command  
  72  6:19  SCV x2  
  72  6:23  Siege Tank  
  77  6:26  Terran Vehicle Weapons Level 1  
  77  6:27  Terran Vehicle And Ship Armor Level 1  
  77  6:32  SCV x2  
  79  6:42  Missile Turret  
  79  6:44  SCV x3  
  82  6:55  Factory Tech Lab, Siege Tank  
  82  6:56  SCV x3  
  88  7:03  Command Center  
  88  7:06  Refinery  
  88  7:07  Refinery  
  88  7:08  SCV x3  
  91  7:14  Siege Tank  
  91  7:15  Starport  
  94  7:16  Factory  
  94  7:20  SCV x3  
  97  7:28  Supply Depot x2  
  97  7:29  Supply Depot  
  97  7:32  SCV x3  
  100  7:37  Siege Tank  
  103  7:44  SCV  
  103  7:46  SCV x2, Factory x2  
  103  7:50  Factory  
  106  7:58  Viking x2  
  106  8:00  SCV x3  
  113  8:05  Siege Tank  
  113  8:06  Factory Tech Lab  
  113  8:12  SCV  
  117  8:16  Siege Tank  
  120  8:25  Siege Tank  
  123  8:31  Hellbat  
  125  8:38  Hellbat  
  127  8:43  Terran Vehicle Weapons Level 2, Viking x2  
  127  8:46  Hellbat  
  131  8:49  Hellbat  
  131  8:51  Factory Tech Lab  
  129  8:57  SCV x2, Siege Tank  
  129  8:58  SCV  
  129  8:59  Orbital Command, Siege Tank  
  129  9:01  Refinery x2  
  129  9:02  Factory Tech Lab  
  138  9:09  Thor  
  126  9:13  Thor  
  133  9:18  SCV x2  
  133  9:21  SCV  
  133  9:23  Thor  
  142  9:25  Factory Tech Lab  
  142  9:29  SCV  
  142  9:30  SCV x2  
  145  9:33  SCV  
  145  9:35  Supply Depot  
  145  9:36  Supply Depot  
  145  9:37  Supply Depot x2  
  146  9:39  Supply Depot  
  146  9:41  SCV  
  146  9:42  SCV  
  148  9:57  Thor, Viking  
  148  9:58  Thor, Viking  
  164  10:01  Thor  
  164  10:04  Supply Depot x2  
  164  10:07  Supply Depot  
  170  10:12  Thor  
  176  10:22  Thor  
  176  10:27  Viking  
  176  10:28  Viking  
  186  10:38  Thor  
  192  10:45  Thor  
  192  10:47  Hellbat  
Show
View Real Time Build Order
Export as new Build Order

Tassadary Protoss - Winner!

Build Orders: 1 Gate Expand, Blink Stalkers 

Get SALT Encoding   

  12  0:08  Probe  
  13  0:16  Pylon  
  13  0:20  Probe  
  14  0:32  Probe (Chrono Boost)  
  14  0:34  Gateway  
  16  0:43  Probe (Chrono Boost)  
  16  0:45  Assimilator  
  16  0:48  Probe (Chrono Boost)  
  17  0:58  Probe  
  18  1:10  Probe  
  19  1:22  Probe  
  20  1:25  Nexus  
  20  1:35  Cybernetics Core  
  20  1:39  Probe  
  21  1:46  Assimilator  
  21  1:51  Probe  
  22  1:56  Pylon  
  22  2:03  Probe  
  23  2:15  Probe (Chrono Boost)  
  23  2:23  Adept (Chrono Boost)  
  23  2:26  Warp Gate  
  23  2:28  Probe (Chrono Boost)  
  26  2:30  Twilight Council  
  26  2:35  Probe (Chrono Boost)  
  27  2:38  Probe (Chrono Boost)  
  27  2:41  Stalker  
  31  2:47  Probe x2 (Chrono Boost)  
  32  2:52  Probe (Chrono Boost)  
  32  2:54  Probe  
  34  3:01  Blink (Chrono Boost)  
  34  3:04  Probe  
  35  3:06  Probe  
  35  3:11  Stalker  
  38  3:16  Probe  
  38  3:18  Pylon  
  39  3:20  Probe  
  40  3:30  Probe  
  40  3:32  Probe  
  42  3:40  Gateway x2  
  42  3:44  Probe x2  
  42  3:53  Assimilator  
  42  3:56  Probe x2  
  42  3:57  Gateway  
  42  3:59  Gateway  
  44  4:04  Shield Battery  
  44  4:07  Pylon  
  44  4:09  Probe  
  45  4:11  Probe  
  46  4:20  Pylon  
  47  4:24  Probe x2  
  48  4:35  Nexus  
  48  4:38  Sentry x2  
  48  4:40  Stalker  
  48  4:43  Assimilator  
  55  4:46  Probe (Chrono Boost)  
  55  4:48  Probe (Chrono Boost)  
  56  4:57  Stalker, Probe (Chrono Boost)  
  56  4:58  Stalker  
  62  5:00  Probe (Chrono Boost)  
  62  5:02  Probe (Chrono Boost)  
  63  5:09  Probe (Chrono Boost)  
  63  5:11  Forge  
  63  5:13  Probe (Chrono Boost)  
  65  5:14  Forge  
  65  5:17  Pylon  
  66  5:25  Pylon, Probe (Chrono Boost)  
  66  5:27  Probe (Chrono Boost), Sentry  
  69  5:30  Probe (Chrono Boost)  
  69  5:33  Pylon  
  69  5:35  Probe  
  71  5:36  Sentry  
  71  5:37  Sentry x2  
  71  5:38  Protoss Ground Weapons Level 1 (Chrono Boost)  
  71  5:40  Probe  
  78  5:47  Probe  
  79  5:51  Protoss Ground Armor Level 1 (Chrono Boost)  
  79  5:57  Probe x2 (Chrono Boost)  
  79  6:00  Stalker x2  
  78  6:06  Probe (Chrono Boost)  
  81  6:14  Probe x2 (Chrono Boost)  
  81  6:16  Probe (Chrono Boost)  
  81  6:17  Stalker x2  
  86  6:22  Probe (Chrono Boost)  
  86  6:25  Stalker, Probe x2 (Chrono Boost)  
  89  6:27  Probe (Chrono Boost)  
  89  6:31  Stalker  
  89  6:32  Probe  
  95  6:46  Probe  
  95  6:47  Probe x2  
  97  6:49  Assimilator  
  97  6:50  Pylon  
  97  6:52  Stalker x3, Pylon, Assimilator  
  104  6:54  Stalker  
  104  6:58  Stalker  
  108  7:02  Pylon  
  108  7:08  Probe  
  109  7:20  Gateway  
  109  7:21  Gateway  
  109  7:23  Gateway  
  109  7:25  Templar Archives, Gateway  
  109  7:27  Robotics Facility  
  109  7:29  Gateway  
  109  7:31  Photon Cannon  
  109  7:33  Protoss Ground Armor Level 2 (Chrono Boost)  
  109  7:42  Protoss Ground Weapons Level 2 (Chrono Boost)  
  109  7:45  Stalker x3  
  109  7:46  Stalker  
  109  7:49  Stalker  
  115  8:30  Psionic Storm  
  99  8:37  Stalker x3, Immortal (Chrono Boost)  
  99  8:38  Stalker x4  
  93  8:44  Robotics Bay  
  93  8:51  Robotics Facility  
  93  8:54  Pylon  
  93  8:57  Pylon  
  93  9:00  Pylon  
  93  9:02  Pylon  
  91  9:15  Stalker x2  
  91  9:16  Stalker x4  
  103  9:19  Stalker x3  
  103  9:20  Stalker  
  107  9:51  Stalker x2  
  107  9:52  Stalker x2  
  115  9:53  Stalker x3  
  115  9:54  Stalker x3  
  125  10:16  High Templar  
  125  10:17  High Templar x2  
  125  10:18  Zealot x5  
  125  10:19  Zealot x2  
  145  10:26  Warp Prism (Chrono Boost)  
  145  10:27  Warp Prism (Chrono Boost)  
  149  10:41  High Templar  
  149  10:42  Zealot x5  
  161  10:43  Zealot  
  161  10:46  Pylon  
  161  10:48  Pylon  
  163  10:50  Pylon  
  163  10:52  Pylon  
  155  11:28  Stalker x3  
  155  11:29  Stalker x4  
  155  11:30  Zealot x3  
Tags
 
Add a new tag
Caveats
  • Supply blocks, unpowered buildings, or Contaminate may cause inaccurate times.
  • Supply counts are checked every 10 seconds.